 Dungeon Crawl Stone Soup version 0.29.1-12-g30fa7ad0bf (webtiles) character file.

Game seed: 3978004635486699812

9 KittyFluff the Trooper (level 2, -2/28 HPs)
             Began as a Gargoyle Berserker on Jan 13, 2023.
             Was a Follower of Trog.
             Slain by a kobold
             ... wielding a +0 short sword
              (4 damage)
             ... on level 1 of the Dungeon.
             The game lasted 00:01:03 (151 turns).

KittyFluff the Trooper (Gargoyle Berserker)          Turns: 151, Time: 00:01:04

Health: -2/28      AC:  9    Str: 20    XL:     2   Next: 12%
Magic:  11/11      EV: 11    Int:  7    God:    Trog [*.....]
Gold:   16         SH:  0    Dex:  9    Spells: 1/1 levels left

rFire   . . .      SeeInvis .   a - +0 mace
rCold   . . .      Faith    .   (no shield)
rNeg    + . .      Spirit   .   b - +0 animal skin
rPois   ∞          Reflect  .   (no helmet)
rElec   +          Harm     .   (no cloak)
rCorr   .          Rampage  .   (no gloves)
Will    .....                   (no boots)
Stlth   ..........              (no amulet)
HPRegen 0.09/turn               c - +4 ring of protection
MPRegen 0.12/turn               e - ring of magical power

@: berserking (expiring), very quick
A: sickness immunity, AC +2, negative energy resistance 1, electricity
resistance, torment resistance 1, petrification resistance
a: Renounce Religion, Berserk


You were on level 1 of the Dungeon.
You worshipped Trog.
Trog was aware of your devotion.
You visited 1 branch of the dungeon, and saw 1 of its levels.

You collected 16 gold pieces.

Inventory:

Hand Weapons
 a - a +0 mace (weapon)
 d - a +0 sling
Armour
 b - a +0 animal skin (worn)
Jewellery
 c - a +4 ring of protection (left hand)
 e - a ring of magical power (right hand)
Scrolls
 f - a scroll of vulnerability {unknown}


   Skills:
 + Level 3.3 Fighting
 * Level 3.2 Maces & Flails
 * Level 2.4 Armour
 + Level 1.6 Dodging


You had one spell level left.
You didn't know any spells.
Your spell library was empty.

Dungeon Overview and Level Annotations

Branches:
Dungeon (1/15)

Altars:


Innate Abilities, Weirdness & Mutations

You are immune to sickness and miasma.
Your stone body is resilient. (AC +2)
You are immune to poison.
You resist negative energy. (rN+)
You are resistant to electric shocks. (rElec)
You are resistant to unholy torment.
You are immune to petrification.


Message History

The kobold hits you but does no damage. The endoplasm closely misses you.
You barely miss the kobold.
The kobold is severely wounded.
The kobold hits you with a +0 short sword.
The endoplasm barely misses you. The kobold hits you but does no damage.
The endoplasm completely misses you.
A frilled lizard comes into view.
A red film seems to cover your vision as you go berserk!
You feel yourself moving faster!
You feel mighty!
The frilled lizard hisses angrily.
The kobold hits you with a +0 short sword.
The endoplasm hits you but does no damage.
You barely miss the kobold.
The kobold is severely wounded.
The kobold closely misses you. The endoplasm freezes you.
You are frozen.
* * * LOW HITPOINT WARNING * * *
You sock the endoplasm!
You kill the endoplasm!
Trog accepts your kill.
You have reached level 2!
You barely miss the kobold.
The kobold is severely wounded.
The kobold hits you with a +0 short sword.
* * * LOW HITPOINT WARNING * * *
You barely miss the kobold.
The kobold is severely wounded.
The kobold hits you with a +0 short sword.
* * * LOW HITPOINT WARNING * * *
You hit the kobold.
You kill the kobold!
Trog accepts your kill.
You bludgeon the frilled lizard!!
You kill the frilled lizard!
Trog accepts your kill.
You see here a +0 short sword.
You closely miss the kobold.
The kobold hits you with a +0 short sword.
You die...

.#.. .... ...#
...# . #.?#
.... ##.[## #
.... ..#
##....#.## ..#
...#
##†..#..$$#
.###...#
#.)#@.# ...
..#....
##.###K# .
.....# #..# .).
.....#######.##
#....
.....#........#
......
.....#...†....#
......
.....#........#
.....
..#...........#
.....
.###..........#


You could see a kobold.

Vanquished Creatures
  An endoplasm (D:1)
  2 kobolds (D:1)
  2 ball pythons (D:1)
  2 bats (D:1)
  3 frilled lizards (D:1)
  A rat (D:1)
11 creatures vanquished.

Notes
Turn   | Place    | Note
-------+----------+-------------------------------------------
     0 | D:1      | KittyFluff the Gargoyle Berserker began the quest for the
                  | Orb.
     0 | D:1      | Reached XP level 1. HP: 14/14 MP: 1/1
    37 | D:1      | Found a faded altar of an unknown god.
   145 | D:1      | Reached XP level 2. HP: 5/19 MP: 2/2
   151 | D:1      | Slain by a kobold

Illustrated notes

Levels and vault maps discovered:
D:1:      minmay_arrival_five_plusses, layout_rooms,
          hellmonk_ecumenical_altar_pennies_from_heaven

Action                   || total
-------------------------++-------
Melee: Mace              ||    29
Invok: Berserk           ||     1
Armor: Animal skin       ||    16
Dodge: Dodged            ||    21
